 Dungeon Crawl Stone Soup version 0.23-a0-451-g1044d4c (webtiles) character file.

188091 theanonym the Warrior (level 17, -3/146 HPs)
             Began as a Mummy Warper on Nov 23, 2018.
             Was the Champion of Yredelemnul.
             Slain by a spark wasp (4 damage)
             ... on level 4 of the Spider Nest.
             The game lasted 01:07:42 (49481 turns).

theanonym the Warrior (Mummy Warper)               Turns: 49481, Time: 01:07:43

Health: -3/146     AC: 26    Str: 17    XL:     17   Next: 46%
Magic:  0/24       EV: 22    Int: 13    God:    Yredelemnul [******]
Gold:   1800       SH:  0    Dex: 13    Spells: 21/21 levels left

rFire    + + .     SeeInvis .   a - +7 morningstar (distort)
rCold    + + .     Gourm    .   b - +0 buckler
rNeg     + + +     Faith    .   m - +3 plate armour of the Fisher {rC+ Slay+5}
rPois    ∞         Spirit   +   i - +2 hat
rElec    +         Reflect  .   I - scarf {Spirit}
rCorr    .         Harm     .   F - +3 pair of gauntlets of War {Slay+5}
MR       ++...                  A - +0 pair of boots
Stlth    ..........             D - amulet "Mutwapn" {Acrobat rElec rF++ Str-2 Stlth+}
HPRegen  0.34/turn              z - ring of flight
MPRegen  0.19/turn              K - ring of protection from fire

@: confused, studying Short Blades
A: no food or potions, fire vulnerability, cold resistance 1, negative energy
resistance 3, torment resistance, unbreathing, in touch with death 1
}: 1/15 runes: decaying
a: Recall Undead Slaves, Injury Mirror, Animate Dead, Drain Life, Enslave Soul,
Renounce Religion, Evoke Flight


Innate Abilities, Weirdness & Mutations

You do not eat or drink.
Your flesh is vulnerable to fire.
You are immune to poison.
Your flesh is cold resistant. (rC+)
You are immune to negative energy. (rN+++)
You are immune to unholy pain and torment.
You can survive without breathing.
You are in touch with the powers of death.


   Skills:
 + Level 16.8 Fighting
 - Level 16.0 Maces & Flails
 - Level 0.7 Throwing
 * Level 12.7 Armour
 - Level 1.5 Dodging
 - Level 4.0 Shields
 - Level 2.6 Spellcasting
   Level 2.4 Translocations
 - Level 10.0 Invocations


You had 21 spell levels left.
You didn't know any spells.
Your spell library contained the following spells:

 Spells                   Type           Power        Failure   Level  Hunger
 Blink                    Tloc           N/A          95%         2    N/A
 Magic Dart               Conj           #...         99%         1    N/A
 Shroud of Golubria       Chrm/Tloc      #.........   99%         2    N/A
 Gell's Gravitas          Tloc           #.........   99%         3    N/A
 Lesser Beckoning         Tloc           #.........   99%         3    N/A
 Teleport Other           Tloc           #.......     99%         3    N/A
 Call Imp                 Summ           #.......     100%        2    N/A
 Poisonous Vapours        Pois/Air       #.....       100%        2    N/A
 Slow                     Hex            #.......     100%        2    N/A
 Conjure Flame            Conj/Fire      #.......     100%        3    N/A
 Mephitic Cloud           Conj/Pois/Air  #.......     100%        3    N/A
 Cause Fear               Hex            #.........   100%        4    N/A
 Passage of Golubria      Tloc           N/A          100%        4    N/A
 Summon Lightning Spire   Summ/Air       #.......     100%        4    N/A
 Silence                  Hex/Air        #.........   100%        5    N/A
 Yara's Violent Unravell  Hex/Tmut       #.........   100%        5    N/A
 Deflect Missiles         Chrm/Air       #.........   100%        6    N/A
 Freezing Cloud           Conj/Ice/Air   #.........   100%        6    N/A
 Ring of Flames           Chrm/Fire      #.........   100%        7    N/A
 Discord                  Hex            #.........   100%        8    N/A

Skill      XL: |  1  2  3  4  5  6  7  8  9 10 11 12 13 14 15 16 17 |
---------------+----------------------------------------------------+-----
Maces & Flails | 2 3 4 5 6 8 10 11 12 14 15 16 | 16.0
Fighting       | 3 4 5 7 8 9 11 12 13 14 15 16 | 16.8
Shields        | 3 4 |  4.0
Invocations    | 2 5 6 8 10 | 10.0
Armour         | 5 9 11 12 | 12.7
Throwing       | |  0.7
Dodging        | |  1.5
Spellcasting   | |  2.6
Translocations | |  2.4

Action                   |  1- 3 |  4- 6 |  7- 9 | 10-12 | 13-15 | 16-18 || total
-------------------------+-------+-------+-------+-------+-------+-------++-------
Melee: Mace              |   152 |    49 |       |       |       |       ||   201
       Morningstar       |       |   120 |   294 |   548 |  1069 |   636 ||  2667
Throw: Tomahawk          |     7 |       |       |       |       |       ||     7
       Throwing net      |       |     1 |       |       |     2 |     1 ||     4
Invok: Animate Dead      |       |       |       |    40 |   102 |    70 ||   212
       Recall Undead Sla |       |       |       |     1 |    10 |     3 ||    14
       Enslave Soul      |       |       |       |       |     2 |       ||     2
       Drain Life        |       |       |       |       |       |     1 ||     1
       Stop Recall       |       |       |       |       |       |     1 ||     1
 Abil: Evoke Flight      |       |       |       |       |     1 |       ||     1
Evoke: Wand              |       |     4 |     5 |     7 |     3 |       ||    19
  Use: Scroll            |       |     5 |    11 |     3 |    13 |       ||    32
 Stab: Sleeping          |       |     1 |       |       |       |       ||     1
       Distracted        |       |       |       |     6 |     8 |     9 ||    23
       Confused          |       |       |       |       |     1 |       ||     1
Armor: Leather armour    |    81 |    10 |       |       |       |       ||    91
       Scale mail        |       |    81 |       |       |       |       ||    81
       Chain mail        |       |    10 |    31 |       |       |       ||    41
       Plate armour      |       |       |   154 |   388 |   690 |   608 ||  1840
Dodge: Dodged            |   140 |   116 |    62 |   126 |   325 |   396 ||  1165
Block: Buckler           |       |       |       |   106 |   192 |   147 ||   445

Inventory:

Hand Weapons
 a - a +7 morningstar of distortion (weapon)
   (You took it off Terence on level 2 of the Dungeon)
 p - the +10 morningstar "Eos" {elec, Halo rElec}
   (You found it on level 11 of the Dungeon)

   Occasionally, upon striking a foe, it will discharge some electrical energy
   and cause terrible harm.
   It insulates you from electricity.
Missiles
 s - a throwing net (quivered)
 E - 20 tomahawks
 L - 3 poisoned tomahawks
Armour
 b - a +0 buckler (worn)
   (You found it on level 8 of the Dungeon)
 i - a +2 hat (worn)
   (You took it off Gastronok on level 1 of the Orcish Mines)
 m - the +3 plate armour of the Fisher (worn) {rC+ Slay+5}
   (You bought it in a shop on level 2 of the Orcish Mines)

   It affects your accuracy and damage with ranged weapons and melee attacks
   (+5).
   It protects you from cold.
 o - a +0 cloak of magic resistance
   (You bought it in a shop on level 2 of the Orcish Mines)
 A - a +0 pair of boots (worn)
   (You found it on level 1 of the Lair of Beasts)
 F - the +3 pair of gauntlets of War (worn) {Slay+5}
   (You acquired it on level 4 of the Lair of Beasts)

   It affects your accuracy and damage with ranged weapons and melee attacks
   (+5).
 I - a scarf of spirit shield (worn)
   (You found it on level 1 of the Swamp)
Jewellery
 q - an uncursed amulet of guardian spirit
   (You found it on level 6 of the Dungeon)
 u - an uncursed ring of ice
   (You found it on level 11 of the Dungeon)
 z - a ring of flight (left hand)
   (You found it on level 1 of the Lair of Beasts)
 D - the amulet "Mutwapn" (around neck) {Acrobat rElec rF++ Str-2 Stlth+}
   (You acquired it on level 13 of the Dungeon)

   [amulet of the acrobat]

   It helps you evade while moving and waiting.
   It affects your strength (-2).
   It greatly protects you from fire.
   It insulates you from electricity.
   It makes you more stealthy.
 K - a ring of protection from fire (right hand)
   (You found it on level 3 of the Swamp)
Wands
 c - a wand of clouds (9)
   (You found it on level 3 of the Lair of Beasts)
 d - a wand of digging (9)
   (You found it on level 7 of the Dungeon)
 e - a wand of scattershot (5)
   (You found it on level 5 of the Lair of Beasts)
 v - a wand of acid (2)
   (You found it on level 7 of the Dungeon)
 x - a wand of polymorph (17)
   (You found it on level 12 of the Dungeon)
 H - a wand of enslavement (9)
   (You found it on level 13 of the Dungeon)
Scrolls
 f - 8 scrolls of fog
 h - 3 scrolls of enchant armour
 j - 2 scrolls of torment
 k - 8 scrolls of immolation
 l - 2 scrolls of summoning
 n - 20 scrolls of remove curse
 r - 19 scrolls of identify
 t - 13 scrolls of teleportation {!r}
 w - 5 scrolls of fear
 y - a scroll of magic mapping
 B - 5 scrolls of blinking
 C - 2 scrolls of silence
 G - 2 scrolls of brand weapon
Books
 M - a manual of Short Blades
   (You found it on level 1 of the Spider Nest)
Miscellaneous
 g - a phial of floods
   (You found it on level 6 of the Lair of Beasts)
 J - a phantom mirror


You were on level 4 of the Spider Nest.
You worshipped Yredelemnul.
Yredelemnul was exalted by your worship.
You were not hungry.

You visited 6 branches of the dungeon, and saw 32 of its levels.
You also visited: Ossuary.

You collected 3114 gold pieces.
You spent 1314 gold pieces at shops.

Dungeon Overview and Level Annotations

Branches:
Dungeon (15/15)            Temple (1/1) D:4            Lair (6/6) D:10
  Swamp (4/4) Lair:3       Spider (4/4) Lair:4        Slime (0/5) Lair:6
    Orc (2/2) D:9             Elf (0/3) Orc:2        Vaults (0/5) D:13
 Depths (0/5) D:15

Altars:
Ashenzari
Cheibriados
Dithmenos
Elyvilon
Fedhas
Gozag
Hepliaklqana
Kikubaaqudgha
Makhleb
Nemelex Xobeh
Okawaru
Qazlal
Ru
Sif Muna
Trog
Uskayaw
Vehumet
Wu Jian
Xom
Yredelemnul
Zin
The Shining One
Beogh

Shops:
D:14 *   Orc:1 ::(:%   Orc:2 [(!(

Portals:
Trove: D:11 (give +2 storm dragon scales)

Annotations:
Abyss:1 Jorgrun, Joseph, Louise, Rupert

..............
........................
.^.....................^
s..........)......#....^
.......(..........##....
...................##...
......sZ......(.....####
......szs......[.......#
......s@y..............#
......y^................
...........^............
........###.........##..
......... #..........###
..........##).........#
...........##....^..###
###
......#####.##.....##
#.#####.## ###
#.#......##


You could see an emperor scorpion, 2 spark wasps, 2 demonic crawlers, 2 wolf
spiders, a friendly skeletal warrior and a friendly jumping spider zombie.

Notes
Turn   | Place    | Note
-------+----------+-------------------------------------------
     0 | D:1      | theanonym the Mummy Warper began the quest for the Orb.
     0 | D:1      | Reached XP level 1. HP: 16/16 MP: 4/4
    76 | D:1      | Reached skill level 2 in Maces & Flails
   102 | D:1      | HP: 8/16 [kobold/+0 short sword (2)]
   105 | D:1      | Reached XP level 2. HP: 11/22 MP: 5/5
  1097 | D:2      | Reached XP level 3. HP: 28/28 MP: 7/7
  1122 | D:2      | Noticed Terence
  1130 | D:2      | HP: 14/28 [Terence/+1 morningstar of distortion (4)]
  1141 | D:3      | HP: 14/28 [ball python (1)]
  1338 | D:3      | HP: 10/28 [orc priest/divine providence (12)]
  1346 | D:3      | HP: 8/28 [adder (3)]
  1666 | D:2      | Noticed Robin
  1674 | D:2      | HP: 11/28 [goblin/+0 dagger[Robin] (5)]
  1681 | D:2      | HP: 6/28 [bat (1)]
  2019 | D:3      | Reached skill level 3 in Maces & Flails
  2181 | D:2      | HP: 14/28 [Robin/+0 short sword (6)]
  2194 | D:2      | Killed Robin
  2194 | D:2      | Reached XP level 4. HP: 11/34 MP: 8/8
  2482 | D:2      | Reached skill level 3 in Fighting
  2843 | D:2      | Found a runed door.
  3010 | D:2      | Killed Terence
  3178 | D:2      | Noticed Crazy Yiuf
  3182 | D:2      | Killed Crazy Yiuf
  3182 | D:2      | Reached XP level 5. HP: 41/41 MP: 9/9
  3414 | D:3      | Found a faded altar of an unknown god.
  3466 | D:3      | Reached skill level 4 in Maces & Flails
  3479 | D:3      | HP: 20/41 [orc priest/divine providence (15)]
  3497 | D:3      | HP: 16/41 [adder (3)]
  3503 | D:3      | HP: 14/41 [adder (3)]
  3509 | D:2      | HP: 11/41 [adder (4)]
  3773 | D:3      | HP: 19/42 [orc/+0 morningstar (5)]
  4013 | D:3      | HP: 13/42 [orc/+0 trident (10)]
  4035 | D:3      | HP: 15/42 [orc/+0 trident (2)]
  4380 | D:4      | Noticed an orc warrior
  4392 | D:4      | Found a staircase to the Ecumenical Temple.
  4401 | Temple   | Entered the Ecumenical Temple
  4596 | Temple   | Became a worshipper of Yredelemnul the Dark
  4629 | D:4      | Reached XP level 6. HP: 40/48 MP: 10/10
  4717 | D:4      | HP: 19/48 [orc warrior/+0 battleaxe (7)]
  4718 | D:4      | Killed an orc warrior
  4718 | D:4      | Reached skill level 4 in Fighting
  4927 | D:4      | Reached skill level 5 in Maces & Flails
  4951 | D:4      | Reached XP level 7. HP: 42/55 MP: 11/11
  5747 | D:5      | Entered Level 5 of the Dungeon
  5998 | D:4      | HP: 14/55 [orc warrior/+0 scimitar (19)]
  5999 | D:4      | Reached skill level 5 in Fighting
  6237 | D:5      | Reached skill level 6 in Maces & Flails
  6394 | D:5      | Reached * piety under Yredelemnul
  6435 | D:5      | Reached XP level 8. HP: 63/63 MP: 12/12
  6553 | D:5      | HP: 32/64 [sky beast (6)]
  6851 | D:6      | HP: 29/64 [centaur (6)]
  6886 | D:6      | HP: 26/64 [worm (8)]
  7149 | D:6      | Reached skill level 6 in Fighting
  7149 | D:6      | Reached skill level 7 in Maces & Flails
  7903 | D:7      | Found a shimmering altar of Xom.
  7956 | D:7      | Noticed a cyclops
  7959 | D:7      | HP: 24/64 [cyclops/large rock (17)]
  8188 | D:7      | HP: 25/65 [cyclops (18)]
  8191 | D:7      | Killed a cyclops
  8191 | D:7      | Reached skill level 7 in Fighting
  8191 | D:7      | Reached skill level 8 in Maces & Flails
  8223 | D:7      | Reached XP level 9. HP: 33/72 MP: 8/13
  8376 | D:7      | Found a sand-covered staircase.
  8398 | Ossuary  | Entered an ossuary
  8574 | Ossuary  | Reached ** piety under Yredelemnul
  9320 | D:7      | Noticed Prince Ribbit
  9512 | D:7      | Killed Prince Ribbit
  9526 | D:7      | Noticed Joseph
  9528 | D:7      | Noticed Dowan
  9532 | D:7      | Noticed Duvessa
  9536 | D:7      | Killed Dowan
  9540 | D:7      | Banished Joseph
  9540 | D:7      | Reached skill level 9 in Maces & Flails
  9545 | D:7      | Killed Duvessa
  9711 | D:7      | Found an opulent altar of Gozag.
  9713 | D:7      | Noticed Menkaure
  9719 | D:7      | Killed Menkaure
  9719 | D:7      | Reached skill level 8 in Fighting
 10096 | D:7      | Found an opulent altar of Gozag.
 10192 | D:7      | Found a shimmering altar of Xom.
 10728 | D:8      | Noticed a two-headed ogre
 10746 | D:8      | Banished a two-headed ogre
 10746 | D:8      | Reached skill level 10 in Maces & Flails
 10746 | D:8      | Reached XP level 10. HP: 51/82 MP: 9/14
 10781 | D:8      | Reached *** piety under Yredelemnul
 11291 | D:8      | Reached skill level 1 in Shields
 11293 | D:8      | HP: 39/82 [hog (5)]
 11296 | D:8      | Reached skill level 9 in Fighting
 12127 | D:9      | Noticed a two-headed ogre
 12342 | D:9      | Received a gift from Yredelemnul (a wight)
 12350 | D:9      | HP: 35/83 [two-headed ogre/+0 giant club (9)]
 12373 | D:9      | Killed a two-headed ogre
 12373 | D:9      | Reached skill level 2 in Shields
 12496 | D:9      | Found a staircase to the Orcish Mines.
 12667 | D:9      | Found a stormy altar of Qazlal.
 12732 | D:9      | Noticed a death knight
 12787 | D:8      | Reached skill level 11 in Maces & Flails
 12863 | D:9      | HP: 41/83 [freezing wraith[a death knight] (8)]
 13090 | D:9      | HP: 40/83 [death knight/+0 glaive (9)]
 13091 | D:9      | Killed a death knight
 13091 | D:9      | Reached skill level 3 in Shields
 13548 | Orc:1    | Entered Level 1 of the Orcish Mines
 13548 | Orc:1    | Found Rexut's Book Boutique.
 13548 | Orc:1    | Noticed Gastronok
 13646 | Orc:1    | Reached XP level 11. HP: 89/90 MP: 15/15
 13750 | Orc:1    | Reached **** piety under Yredelemnul
 13770 | Orc:1    | HP: 25/90 [Gastronok (28)]
 14090 | D:10     | Entered Level 10 of the Dungeon
 14126 | D:10     | Found a staircase to the Lair.
 14337 | D:10     | Reached skill level 10 in Fighting
 14761 | D:10     | Found a staircase to the Lair.
 15186 | D:11     | HP: 42/90 [manticore/volley of spikes (9)]
 15192 | D:11     | HP: 19/90 [manticore (9)]
 15193 | D:11     | Reached skill level 4 in Shields
 15193 | D:11     | Received a gift from Yredelemnul (4 flying skulls)
 15557 | Orc:1    | Killed Gastronok
 15585 | Orc:1    | Noticed an orc sorcerer
 15599 | Orc:1    | Reached skill level 12 in Maces & Flails
 15611 | Orc:1    | Paralysed by an orc sorcerer for 3 turns
 15614 | Orc:1    | Killed an orc sorcerer
 15617 | Orc:1    | Found Ifut Tosk's Antique Weapon Shop.
 15618 | Orc:1    | Found Aclonog's Book Boutique.
 15626 | Orc:1    | Found Rexut's Book Boutique.
 15679 | Orc:1    | Found Hoicwoh's Book Emporium.
 15690 | Orc:1    | Found Durreumn's Food Emporium.
 15891 | Orc:1    | Noticed an orc sorcerer
 16015 | Orc:2    | Entered Level 2 of the Orcish Mines
 16052 | Orc:2    | Received a gift from Yredelemnul (5 flying skulls)
 16128 | Orc:2    | Noticed an orc high priest
 16137 | Orc:2    | Killed an orc high priest
 16139 | Orc:2    | Found a roughly hewn altar of Beogh.
 16350 | Orc:2    | Noticed a two-headed ogre
 16351 | Orc:2    | Noticed a two-headed ogre
 16351 | Orc:2    | Noticed a two-headed ogre
 16352 | Orc:2    | Found Qoigod's Antique Weapon Emporium.
 16352 | Orc:2    | Noticed a two-headed ogre
 16353 | Orc:2    | Noticed a deep troll
 16354 | Orc:2    | Found Doih's Armour Emporium.
 16356 | Orc:2    | HP: 41/92 [cyclops/large rock (34)]
 16356 | Orc:2    | Noticed a two-headed ogre
 16360 | Orc:2    | Killed a two-headed ogre
 16361 | Orc:2    | Killed a two-headed ogre
 16362 | Orc:2    | Reached skill level 11 in Fighting
 16362 | Orc:2    | Noticed a two-headed ogre
 16365 | Orc:2    | Killed a two-headed ogre
 16365 | Orc:2    | Reached XP level 12. HP: 24/100 MP: 2/16
 16368 | Orc:2    | Killed a two-headed ogre
 16368 | Orc:2    | Reached skill level 13 in Maces & Flails
 16368 | Orc:2    | Noticed a two-headed ogre
 16372 | Orc:2    | Killed a two-headed ogre
 16372 | Orc:2    | Noticed an ogre mage
 16373 | Orc:2    | Killed a two-headed ogre
 16380 | Orc:2    | Killed an ogre mage
 16381 | Orc:2    | Killed a two-headed ogre
 16398 | Orc:2    | Received a gift from Yredelemnul (a wraith)
 16621 | Orc:2    | Noticed an ogre mage
 16622 | Orc:2    | Noticed a two-headed ogre
 16626 | Orc:2    | HP: 49/101 [two-headed ogre/+0 giant club (12)]
 16630 | Orc:2    | Killed an ogre mage
 16630 | Orc:2    | Killed a two-headed ogre
 16882 | Orc:2    | Found a staircase to the Elven Halls.
 16918 | Orc:2    | Found Daraes's Distillery.
 16920 | Orc:2    | Bought the +3 plate armour of the Fisher {rC+ Slay+5} for
                  | 876 gold pieces
 16920 | Orc:2    | Bought a +0 cloak of magic resistance for 138 gold pieces
 16948 | Orc:2    | Found Uklo's Antique Weapon Shoppe.
 17272 | Orc:1    | Found Hoicwoh's Book Emporium.
 17272 | Orc:1    | Your ally Gastronok died
 17278 | Orc:1    | Found Ifut Tosk's Antique Weapon Shop.
 17282 | Orc:1    | Found Durreumn's Food Emporium.
 17306 | Orc:1    | Found Aclonog's Book Boutique.
 17734 | Lair:1   | Entered Level 1 of the Lair of Beasts
 17754 | Lair:1   | HP: 50/102 [black mamba (9)]
 17757 | Lair:1   | Reached skill level 12 in Fighting
 17757 | Lair:1   | Received a gift from Yredelemnul (4 flying skulls)
 17759 | Lair:1   | HP: 33/102 [porcupine (5)]
 19122 | Lair:2   | Reached skill level 14 in Maces & Flails
 19149 | Lair:2   | Reached skill level 1 in Invocations
 19352 | Lair:2   | Reached skill level 2 in Invocations
 19674 | Lair:2   | Gained mutation: You are in touch with the powers of death.
                  | [Mummy growth]
 19674 | Lair:2   | Reached XP level 13. HP: 109/109 MP: 17/17
 20188 | Lair:3   | HP: 49/109 [acid (7)]
 20190 | Lair:3   | HP: 19/109 [acid (9)]
 20679 | Lair:3   | Found a staircase to the Swamp.
 20681 | Lair:3   | Reached skill level 3 in Invocations
 21323 | Lair:3   | Found a staircase to the Swamp.
 21963 | Lair:4   | Found a hole to the Spider Nest.
 22341 | Lair:4   | HP: 53/109 [seven-headed hydra (3)]
 22585 | Lair:4   | Reached skill level 4 in Invocations
 22599 | Lair:4   | Reached ***** piety under Yredelemnul
 22662 | Lair:4   | Identified a scroll of acquirement
 22664 | Lair:4   | Found the +3 pair of gauntlets of War {Slay+5}
 22778 | Lair:4   | Received a gift from Yredelemnul (a wraith)
 23319 | Lair:4   | Found a hole to the Spider Nest.
 23562 | Lair:5   | Noticed Rupert
 23569 | Lair:5   | HP: 51/109 [Rupert/+2 battleaxe of chopping (13)]
 23579 | Lair:5   | HP: 28/109 [water moccasin (1)]
 23986 | Lair:5   | Reached skill level 15 in Maces & Flails
 23996 | Lair:5   | Reached skill level 13 in Fighting
 24299 | Lair:5   | Banished Rupert
 24485 | Lair:5   | Noticed Snorg
 24494 | Lair:5   | Killed Snorg
 24494 | Lair:5   | Enslaved Snorg
 24553 | Lair:5   | Reached skill level 5 in Invocations
 26083 | Lair:6   | Entered Level 6 of the Lair of Beasts
 26115 | Lair:6   | HP: 49/111 [blink frog (10)]
 26121 | Lair:6   | HP: 45/111 [blink frog (1)]
 26128 | Lair:6   | HP: 44/111 [blink frog (3)]
 26129 | Lair:6   | Received a gift from Yredelemnul (a wraith)
 26404 | Lair:6   | Reached XP level 14. HP: 98/118 MP: 14/18
 26438 | Lair:6   | HP: 55/118 [elephant (8)]
 26445 | Lair:6   | HP: 48/118 [elephant (9)]
 26562 | Lair:6   | Received a gift from Yredelemnul (5 flying skulls)
 26870 | Lair:6   | HP: 58/119 [blink frog (8)]
 27348 | Lair:6   | HP: 59/119 [spriggan/+0 rapier (1)]
 27351 | Lair:6   | Reached skill level 16 in Maces & Flails
 27552 | Lair:6   | Reached skill level 1 in Armour
 27595 | Lair:6   | Found a staircase to the Slime Pits.
 27647 | Lair:6   | Found a runed gate.
 27648 | Lair:6   | Found a runed gate.
 27649 | Lair:6   | Found a runed gate.
 27670 | Lair:6   | Noticed Eraw's ghost (journeyman MiBe)
 27823 | Lair:6   | Received a gift from Yredelemnul (a skeletal warrior)
 28353 | Lair:6   | Found a staircase to the Slime Pits.
 28371 | Lair:6   | Reached skill level 2 in Armour
 28747 | Lair:6   | Reached skill level 14 in Fighting
 29092 | Lair:6   | Reached skill level 3 in Armour
 29137 | Lair:6   | Found a staircase to the Slime Pits.
 29222 | Lair:6   | Killed Eraw's ghost
 29994 | D:11     | Received a gift from Yredelemnul (a skeletal warrior)
 30039 | D:11     | Found a portal to a secret trove of treasure.
 30110 | D:11     | Found the +10 morningstar "Eos" {elec, Halo rElec}
 30433 | D:11     | Reached skill level 4 in Armour
 30585 | D:11     | Found a portal to a secret trove of treasure.
 30686 | D:11     | Reached skill level 6 in Invocations
 31014 | D:12     | Received a gift from Yredelemnul (a skeletal warrior)
 31097 | D:12     | Noticed Erolcha
 31114 | D:12     | Killed Erolcha
 31596 | D:12     | Received a gift from Yredelemnul (a phantasmal warrior)
 31605 | D:12     | Reached skill level 5 in Armour
 31614 | D:12     | Noticed a stone giant
 31621 | D:12     | Banished a stone giant
 31657 | D:12     | HP: 58/121 [five-headed hydra (5)]
 32048 | D:12     | HP: 52/121 [fire elemental[a deep elf mage] (9)]
 32723 | D:12     | Reached XP level 15. HP: 93/127 MP: 15/19
 33669 | D:13     | Got a brightly glowing steel amulet
 33670 | D:13     | Identified the amulet "Mutwapn" {Acrobat rElec rF++ Str-2
                  | Stlth+} (You acquired it on level 13 of the Dungeon)
 33908 | D:13     | Received a gift from Yredelemnul (a vampire)
 33910 | D:13     | Found a gate to the Vaults.
 34025 | D:13     | Reached skill level 6 in Armour
 34294 | D:13     | Reached skill level 7 in Invocations
 34350 | D:13     | HP: 58/127 [death knight/+4 broad axe (11)]
 36385 | D:14     | Received a gift from Yredelemnul (a wraith)
 36394 | D:14     | HP: 44/127 [cyclops (22)]
 36886 | D:14     | Reached skill level 7 in Armour
 36889 | D:14     | Received a gift from Yredelemnul (a ghoul)
 36969 | D:14     | Found Qirphi Cua's Assorted Antiques.
 36972 | D:14     | Bought a scroll of teleportation for 72 gold pieces
 36972 | D:14     | Bought a scroll of identify for 48 gold pieces
 36972 | D:14     | Bought a scroll of enchant weapon for 180 gold pieces
 37076 | D:14     | HP: 63/127 [shadow[a guardian mummy's death curse] (9)]
 37085 | D:14     | HP: 51/127 [gargoyle/cursed +0 mace (12)]
 37695 | D:15     | Entered Level 15 of the Dungeon
 37911 | D:15     | Found a staircase to the Depths.
 38090 | D:15     | Received a gift from Yredelemnul (a wraith)
 38130 | D:15     | Reached skill level 15 in Fighting
 38351 | D:15     | Reached skill level 8 in Invocations
 38353 | D:15     | Reached skill level 8 in Armour
 38845 | D:15     | Identified the ring of Vuicsa {rC+ Str+6}
 39109 | D:15     | Received a gift from Yredelemnul (a skeletal warrior)
 39463 | D:15     | Found a staircase to the Depths.
 39949 | Swamp:1  | Entered Level 1 of the Swamp
 40039 | Swamp:1  | Received a gift from Yredelemnul (a bone dragon)
 40696 | Swamp:1  | Noticed Jorgrun
 40712 | Swamp:1  | HP: 64/129 [tyrant leech (7)]
 40718 | Swamp:1  | HP: 57/129 [spriggan rider/+0 spear (7)]
 40731 | Swamp:1  | Banished Jorgrun
 40735 | Swamp:1  | Reached skill level 9 in Armour
 40946 | Swamp:1  | Reached XP level 16. HP: 121/136 MP: 22/22
 41038 | Swamp:1  | Noticed Nikola
 41122 | Swamp:1  | Killed Nikola
 41147 | Swamp:1  | Received a gift from Yredelemnul (a bone dragon)
 42007 | Swamp:2  | Reached skill level 9 in Invocations
 42114 | Swamp:2  | Received a gift from Yredelemnul (a vampire)
 42216 | Swamp:2  | Reached ****** piety under Yredelemnul
 43211 | Swamp:3  | Reached skill level 10 in Armour
 43706 | Swamp:3  | Found a snail-covered altar of Cheibriados.
 44004 | Swamp:3  | Received a gift from Yredelemnul (a vampire knight)
 44322 | Swamp:3  | Found a snail-covered altar of Cheibriados.
 44705 | Swamp:4  | Entered Level 4 of the Swamp
 44712 | Swamp:4  | HP: 67/138 [swamp dragon (4)]
 45128 | Swamp:4  | Received a gift from Yredelemnul (a vampire knight)
 45141 | Swamp:4  | HP: 69/138 [eight-headed hydra (7)]
 45150 | Swamp:4  | Reached skill level 16 in Fighting
 45162 | Swamp:4  | Reached skill level 11 in Armour
 45473 | Swamp:4  | Reached skill level 10 in Invocations
 45486 | Swamp:4  | Noticed a thorn hunter
 45495 | Swamp:4  | HP: 62/138 [spriggan druid/stone arrow (20)]
 45830 | Swamp:4  | Found a runed door.
 45831 | Swamp:4  | Found a shimmering altar of Xom.
 45831 | Swamp:4  | Noticed Peneaqae's ghost (adept DsAK)
 45865 | Swamp:4  | Killed a thorn hunter
 46032 | Swamp:4  | Identified the Collected Works on Flight
 46083 | Swamp:4  | Got a decaying rune of Zot
 46341 | Swamp:4  | Found a runed door.
 46344 | Swamp:4  | Found a shimmering altar of Xom.
 46722 | Swamp:4  | Banished Peneaqae's ghost
 46926 | Spider:1 | Entered Level 1 of the Spider Nest
 46995 | Spider:1 | Received a gift from Yredelemnul (a phantasmal warrior)
 47141 | Spider:1 | Reached XP level 17. HP: 144/144 MP: 22/24
 47749 | Spider:2 | Noticed Arachne
 47758 | Spider:2 | Received a gift from Yredelemnul (a skeletal warrior)
 47774 | Spider:2 | Killed Arachne
 47873 | Spider:2 | Reached skill level 12 in Armour
 47875 | Spider:2 | HP: 69/145 [wolf spider (6)]
 48117 | Spider:2 | Noticed Louise
 48126 | Spider:2 | Banished Louise
 49049 | Spider:4 | Entered Level 4 of the Spider Nest
 49303 | Spider:4 | Received a gift from Yredelemnul (a skeletal warrior)
 49467 | Spider:4 | HP: 71/146 [wolf spider (4)]
 49472 | Spider:4 | HP: 65/146 [demonic crawler (2)]
 49478 | Spider:4 | HP: 52/146 [wolf spider (5)]
 49480 | Spider:4 | HP: 22/146 [spark wasp (17)]
 49481 | Spider:4 | HP: 1/146 [spark wasp (12)]
 49481 | Spider:4 | Slain by a spark wasp

Vanquished Creatures
  Gastronok (Orc:1)
  A thorn hunter (Swamp:4)
  A ghoul (D:14)
  An emperor scorpion (Spider:3)
  The ghost of Eraw the Severer, a journeyman MiBe of Trog (Lair:6)
  2 dire elephants (Lair:6)
  Erolcha (D:12)
  A vault guard (D:13)
  4 two-headed ogres
  18 hydras
  2 shambling mangroves
  An anaconda (Lair:5)
  4 centaur warriors
  2 death knights
  A ghost crab (Swamp:4)
  2 tengu warriors (D:15)
  13 alligators
  A dancing weapon (Swamp:4)
  4 skeletal warriors
  A deep troll (Orc:2)
  3 unseen horrors
  A spriggan druid (Swamp:4)
  4 swamp dragons
  A lindwurm (Swamp:4)
  An orc sorcerer (Orc:1)
  2 wolf spider zombies
  10 ugly things
  4 orb spiders
  2 deep elf magi
  5 manticores
  10 wolf spiders
  5 cyclopes
  A moth of wrath (Spider:3)
  13 elephants
  2 centaur zombies
  14 black mambas
  2 torpor snails
  15 spiny frogs
  2 molten gargoyles (D:13)
  2 gargoyles (D:14)
  A freezing wraith (D:14)
  A rime drake (Lair:5)
  4 centaur skeletons
  7 demonic crawlers
  2 komodo dragons
  2 yaktaurs
  2 guardian mummies (D:14)
  An ice devil (Orc:1)
  A tengu conjurer (D:14)
  7 hornets
  6 tyrant leeches
  6 jumping spiders
  7 trolls
  Prince Ribbit (D:7)
  6 hippogriffs
  10 blink frogs
  A wolf spider simulacrum (D:14)
  8 dream sheep
  3 slime creatures
  4 bog bodies
  A meliai zombie (D:14)
  28 redbacks
  6 spriggans
  A wraith (D:8)
  4 shadows
  13 tarantellas
  4 wyverns
  3 hogs (D:8)
  18 yaks
  A human (D:8)
  2 basilisks
  15 vampire mosquitoes
  8 insubstantial wisps
  Menkaure (D:7)
  10 swamp worms
  7 water moccasins
  Duvessa (D:7)
  5 porcupines
  4 ice beasts
  12 orc warriors
  6 swamp drakes
  4 sky beasts
  An eye of draining (shapeshifter) (D:15)
  2 hornet zombies (D:14)
  8 ogres
  A phantom (D:4)
  3 boggarts (D:15)
  6 wolves
  11 centaurs
  18 crocodiles
  A big kobold (D:8)
  22 bullfrogs
  A gnoll sergeant (D:9)
  A water moccasin zombie (D:5)
  3 wyvern zombies
  Dowan (D:7)
  A water moccasin skeleton (D:9)
  3 wights (D:9)
  3 howler monkeys
  4 electric eels
  3 bullfrog zombies
  5 crimson imps
  3 hounds
  Crazy Yiuf (D:2)
  5 orc priests
  5 jellies
  5 bullfrog skeletons
  13 orc wizards
  Terence (D:2)
  12 worker ants
  6 iguanas
  A killer bee zombie (D:8)
  A bullfrog simulacrum (D:12)
  2 centaur simulacra
  A hound zombie (D:5)
  14 mummies
  3 worker ant zombies
  Robin (D:2)
  12 adders
  4 gnolls (D:9)
  A shadow imp (D:15)
  A white imp (D:11)
  2 ufetubi (D:11)
  An ooze (D:6)
  An adder zombie (D:6)
  2 worms
  2 dart slugs
  3 leopard geckos
  50 orcs
  8 giant cockroaches
  18 goblins
  7 hobgoblins
  14 jackals
  8 kobolds
  3 quokkas
  2 ball pythons
  8 bats
  6 frilled lizards
  A jackal skeleton (D:4)
  A jackal zombie (D:7)
  4 kobold skeletons (Ossuary)
  A leopard gecko skeleton (D:9)
  2 orc skeletons (Ossuary)
  A quokka skeleton (D:7)
  A quokka zombie (D:8)
  10 rats
  10 rat skeletons (Ossuary)
  2 briar patches (Swamp:4)
  5 plants
758 creatures vanquished.

Vanquished Creatures (collateral kills)
  Nikola (Swamp:1)
  Arachne (Spider:2)
  A dire elephant (Lair:6)
  An entropy weaver (Spider:4)
  11 hydras
  8 two-headed ogres
  2 anacondas
  2 ogre magi (Orc:2)
  3 alligators
  A queen ant (Spider:4)
  An orc high priest (Orc:2)
  A deep troll (Orc:2)
  A spriggan druid (Swamp:4)
  2 skeletal warriors
  2 lindwurms (Swamp:4)
  4 swamp dragons
  A deep elf mage (D:12)
  2 oklob plants (Lair:3)
  6 wolf spiders
  5 ugly things (D:15)
  An orc sorcerer (Orc:1)
  3 cyclopes
  A moth of wrath (Spider:4)
  7 elephants (Lair:6)
  3 centaur zombies
  2 molten gargoyles (D:13)
  2 black mambas
  5 spiny frogs
  6 demonic crawlers
  An ice devil (Orc:1)
  A komodo dragon (Lair:6)
  7 jumping spiders
  A guardian mummy (D:14)
  8 trolls
  2 hornets
  3 tyrant leeches
  8 blink frogs
  A dream sheep (Lair:4)
  4 slime creatures
  A bog body (Swamp:3)
  12 redbacks
  5 yaks
  4 tarantellas
  A spriggan (Swamp:4)
  A basilisk (Lair:3)
  8 vampire mosquitoes
  3 swamp worms
  4 insubstantial wisps
  A soldier ant (Spider:4)
  12 water moccasins
  3 porcupines
  7 swamp drakes
  An orc warrior (Orc:2)
  13 ogres
  A centaur (D:15)
  4 wolves
  2 crocodiles
  A wyvern zombie (D:14)
  An electric eel (Lair:5)
  2 crimson imps
  An orc wizard (D:9)
  A worker ant (D:14)
  An adder (D:12)
  7 orcs
  2 bushes
  2 butterflies (Lair:5)
  28 fungi
  12 plants
263 creatures vanquished.

Vanquished Creatures (others)
  The ghost of Peneaqae the Black Belt, an adept DsAK of Lugonu (Swamp:4)
  A ghoul (Swamp:4)
  An entropy weaver (Spider:4)
  A dire elephant (Lair:6)
  A yaktaur captain (D:15)
  A centaur warrior (D:15)
  2 two-headed ogres
  2 alligators
  A spriggan rider (Swamp:3)
  2 skeletal warriors (D:12)
  A swamp dragon (Lair:3)
  3 wolf spider zombies
  2 ugly things (D:15)
  A cyclops (D:14)
  A wolf spider (Spider:4)
  An elephant (Lair:6)
  A black mamba (Lair:4)
  An elephant slug zombie (Orc:1)
  A spiny frog (Lair:6)
  6 redback zombies
  A komodo dragon (Lair:2)
  2 freezing wraiths (D:8)
  A demonic crawler (Spider:2)
  3 hydra zombies
  A queen ant zombie (Spider:4)
  2 demonic crawler zombies
  A hornet (Swamp:4)
  A jumping spider zombie (Spider:2)
  A bog body (Swamp:1)
  A tarantella zombie (Spider:4)
  3 alligator zombies
  A dream sheep (Lair:5)
  A hippogriff (D:12)
  A redback (Lair:4)
  10 flying skulls
  5 black mamba zombies
  3 tarantellas
  2 wraiths
  A fire elemental (D:13)
  A yak (Lair:6)
  2 vampires
  A basilisk (Lair:3)
  A tyrant leech zombie (Swamp:1)
  A hungry ghost (D:10)
  3 vampire mosquitoes
  2 deep troll zombies (Orc:2)
  7 spiny frog zombies
  2 two-headed ogre zombies (Orc:2)
  An orb spider zombie (Spider:4)
  2 hornet zombies
  An orc warrior (D:11)
  A swamp drake (Swamp:4)
  10 elephant zombies (Lair:6)
  2 ogres
  A lindwurm zombie (Swamp:4)
  2 blink frog zombies (Lair:6)
  A torpor snail zombie (Lair:6)
  8 vampire mosquito zombies
  A komodo dragon zombie (Lair:6)
  2 hippogriff zombies
  A bullfrog (Lair:1)
  A cyclops zombie (Orc:2)
  A wyvern skeleton (D:14)
  A spriggan zombie (Lair:6)
  4 yak zombies
  4 troll zombies
  A wight (D:9)
  A centaur zombie (D:13)
  3 bullfrog zombies
  A bog body skeleton (Swamp:3)
  A porcupine zombie (Lair:3)
  2 worker ants
  5 crocodile zombies
  6 ogre zombies
  A hound zombie (D:12)
  A mummy (Ossuary)
  4 worker ant zombies (Spider:4)
  2 swamp drake zombies
  An adder zombie (D:8)
  2 electric eel zombies
  4 orcs
  A quokka (D:3)
  2 jackal zombies (D:8)
  2 kobold skeletons (Ossuary)
  21 orc zombies
  A rat skeleton (Ossuary)
  A briar patch (Swamp:4)
  A bush (Lair:6)
  11 fungi
  11 plants
222 creatures vanquished.

Grand Total: 1243 creatures vanquished

Table legend:
 A = Turns spent in this place as a percentage of turns spent in the entire game.
 B = Non-inter-level travel turns spent in this place as a percentage of non-inter-level travel turns spent in the entire game.
 C = Inter-level travel turns spent in this place as a percentage of turns spent in this place.
 D = Turns resting spent in this place as a percentage of non-inter-level travel turns spent in this place.
 E = Turns spent auto-exploring this place as a percentage of non-inter-level travel turns spent in this place.
 F = Non-inter-level travel turns spent in this place divided by the number of levels of this place that you've seen.
                   A       B       C       D       E      F
               +-------+-------+-------+-------+-------+----------------------
         Total | 100.0 | 100.0 |   4.0 |  31.3 |  54.5 | 1439.6
       Dungeon |  50.7 |  51.2 |   3.1 |  35.5 |  51.2 | 1622.1
        Temple |   0.4 |   0.4 |   9.0 |  58.1 |  40.3 | 191.0
          Lair |  25.5 |  25.3 |   4.8 |  25.8 |  61.6 | 2003.0
         Swamp |  12.8 |  12.5 |   5.9 |  30.1 |  54.4 | 1489.2
   Spider Nest |   5.2 |   5.2 |   2.6 |  25.3 |  53.0 | 622.2
  Orcish Mines |   4.5 |   4.4 |   6.0 |  24.2 |  57.7 | 1035.5
       Ossuary |   0.9 |   0.9 |   0.0 |  19.4 |  47.0 | 449.0
               +-------+-------+-------+-------+-------+----------------------
